 Dungeon Crawl Stone Soup version 0.32-a0-17-gb74e046682 (webtiles) character file.

Game seed: 4251154260039535669

105613 hikkokomori the Impaler (level 16, 0/127 HPs)
             Began as a Gnoll Wanderer on Jan 15, 2024.
             Was a High Priest of Okawaru.
             Killed by an exploding bloated husk (32 damage)
             ... set off by themself
             ... on level 1 of the Swamp.
             The game lasted 01:19:16 (24278 turns).

hikkokomori the Impaler (Gnoll Wanderer)           Turns: 24278, Time: 01:19:16

Health: 0/127      AC: 20    Str: 16    XL:     16   Next: 41%
Magic:  29/34      EV: 34    Int: 10    God:    Okawaru [*****.]
Gold:   1198       SH: 12    Dex: 23    Spells: 17/44 levels left

rFire   + + .        I - +11 trident of the Establishment {pain, rF+ rC+ Will+ Str-2}
rCold   + . .        V - +3 warlock's mirror {omnireflect}
rNeg    . . .        y - +2 acid dragon scales
rPois   +            v - +1 helmet of Oily Miracles {rElec rF+ Str+3 Dex+2}
rElec   +            i - +2 cloak {rPois}
rCorr   +            L - +0 pair of fencer's gloves {Riposte Dex+3}
SInv    .            (no boots)
Will    ++...        W - amulet "Qismic Beycw" {Harm Regen+}
Stlth   +++++++      K - +5 ring of evasion
HPRegen 1.21/turn    d - +5 ring of evasion
MPRegen 0.24/turn

%: harm (+30% outgoing, +20% incoming), reflection
@: heroic, studying 2 skills
A: fangs 1, strong nose, distributed training
a: Renounce Religion, Heroism, Finesse, Duel


You were on level 1 of the Swamp.
You worshipped Okawaru.
Okawaru was extremely pleased with you.
You visited 6 branches of the dungeon, and saw 25 of its levels.
You also visited: Bailey and Ice Cave.

You collected 3093 gold pieces.
You spent 1895 gold pieces at shops.

Inventory:

Hand Weapons
 f - a +1 scimitar of flaming
 w - the +4 short sword of Irritation {spect, rF+ SInv}
   (You found it on level 2 of the Dungeon)

   rF+:       It protects you from fire.
   SInv:      It lets you see invisible.
 I - the +11 trident of the Establishment (weapon) {pain, rF+ rC+ Will+ Str-2}
   (You found it on level 5 of the Lair of Beasts)

   Str-2:     It affects your strength (-2).
   rF+:       It protects you from fire.
   rC+:       It protects you from cold.
   Will+:     It increases your willpower.
Missiles
 c - 14 boomerangs (quivered)
 A - 4 datura-tipped darts
 E - 10 darts of dispersal
 G - 2 throwing nets
 Q - 6 silver javelins
 U - 8 javelins
Armour
 i - a +2 cloak of poison resistance (worn)
 v - the +1 helmet of Oily Miracles (worn) {rElec rF+ Str+3 Dex+2}
   (You found it on level 5 of the Lair of Beasts)

   Str+3:     It affects your strength (+3).
   Dex+2:     It affects your dexterity (+2).
   rF+:       It protects you from fire.
   rElec:     It insulates you from electricity.
 y - +2 acid dragon scales (worn)
 L - the +0 pair of fencer's gloves (worn) {Riposte Dex+3}
   (You bought it in a shop on level 4 of the Dungeon)

   Riposte:   It allows the wearer to riposte with melee weapons, swiftly
   retaliating against missed or blocked melee attacks.
   Dex+3:     It affects your dexterity (+3).
 V - the +3 warlock's mirror (worn) {omnireflect}
   (Okawaru gifted it to you on level 1 of the Lair of Beasts)

   Omnireflect: It can block and reflect piercing ranged attacks and magical
   attacks against the wielder's willpower.
 Z - a +1 hat of willpower
Jewellery
 d - a +5 ring of evasion (right hand)
 k - a ring of flight
 o - a ring of fire
 B - a ring of poison resistance
 K - a +5 ring of evasion (left hand)
 T - a ring of protection from cold
 W - the amulet "Qismic Beycw" (around neck) {Harm Regen+}
   (You acquired it on level 1 of the Lair of Beasts)

   [amulet of regeneration]

   Regen+:    It increases your rate of health regeneration.
   Harm:      It increases damage dealt and taken.
 Y - a ring of wizardry
Talismans
 s - a beast talisman
Wands
 l - a wand of iceblast (8)
 m - a wand of flame (22)
 R - a wand of mindburst (5)
 X - a wand of digging (4)
Scrolls
 a - 4 scrolls of vulnerability
 e - 3 scrolls of fog
 u - a scroll of amnesia
 C - a scroll of fear
 D - a scroll of brand weapon
 H - 9 scrolls of teleportation
 J - a scroll of silence
 M - a scroll of enchant weapon
 O - 5 scrolls of poison
Potions
 b - 3 potions of attraction
 g - a potion of might
 j - 2 potions of resistance
 n - 6 potions of enlightenment
 p - 3 potions of heal wounds
 q - a potion of brilliance
 r - 7 potions of lignification
 x - 12 potions of curing
 z - 2 potions of mutation
 F - 2 potions of magic
 N - a potion of haste
 P - a potion of invisibility
 S - a potion of ambrosia
Miscellaneous
 h - a lightning rod (4/4)
 t - a phial of floods


   Skills:
 + Level 12.1(17.1) Fighting
 + Level 12.9(17.9) Short Blades
 + Level 11.2(16.2) Long Blades
 + Level 11.2(16.2) Axes
 + Level 11.2(16.2) Maces & Flails
 + Level 15.2(20.2) Polearms
 + Level 11.2(16.2) Staves
 + Level 11.2(16.2) Ranged Weapons
 + Level 11.5(16.5) Throwing
 + Level 12.1(17.1) Armour
 + Level 11.2(16.2) Dodging
 + Level 11.5(16.5) Stealth
 + Level 11.2(16.2) Shields
 + Level 11.5(16.5) Unarmed Combat
 + Level 14.8 Spellcasting
 + Level 9.5 Conjurations
 + Level 9.5 Hexes
 + Level 9.5 Summonings
 + Level 9.5 Necromancy
 + Level 9.5 Translocations
 + Level 9.5 Fire Magic
 + Level 9.5 Ice Magic
 + Level 9.5 Air Magic
 + Level 9.5 Earth Magic
 + Level 9.5 Alchemy
 + Level 12.2 Invocations
 + Level 11.2 Evocations
 + Level 10.3 Shapeshifting


You had 17 spell levels left.
You knew the following spells:

 Your Spells              Type           Power      Damage    Failure   Level
a - Ensorcelled Hibernat  Hex/Ice        52%        N/A       1%          2
b - Swiftness             Air            26%        N/A       1%          3
c - Passwall              Erth           26%        N/A       1%          3
d - Cause Fear            Hex            13%        N/A       2%          4
e - Metabolic Englaciati  Hex/Ice        13%        N/A       6%          5
f - Freezing Cloud        Conj/Ice/Air   13%        6-21      6%          5
g - Irradiate             Conj/Alch      13%        3d16      6%          5

Your spell library contained the following spells:

 Spells                   Type           Power      Damage    Failure   Level
 Kiss of Death            Conj/Necr      100%       2d13      1%          1
 Shock                    Conj/Air       100%       1d9       1%          1
 Jinxbite                 Hex            52%        N/A       1%          2
 Mercury Vapours          Alch/Air       52%        N/A       1%          2
 Confusing Touch          Hex            26%        N/A       1%          3
 Frozen Ramparts          Ice            52%        1d8       1%          3
 Inner Flame              Hex/Fire       26%        N/A       1%          3
 Mephitic Cloud           Conj/Alch/Air  26%        N/A       1%          3
 Sigil of Binding         Hex            26%        N/A       1%          3
 Airstrike                Air            13%        2d(2-18)  2%          4
 Anguish                  Hex/Necr       13%        N/A       2%          4
 Dimensional Bullseye     Hex/Tloc       13%        N/A       2%          4
 Dispel Undead            Necr           26%        3d13      2%          4
 Flame Wave               Conj/Fire      26%        2d8       2%          4
 Leda's Liquefaction      Alch/Erth      13%        N/A       2%          4
 Petrify                  Alch/Erth      26%        N/A       2%          4
 Sticky Flame             Fire/Alch      26%        2d6       2%          4
 Yara's Violent Unravell  Hex/Alch       13%        3d7       6%          5
 Enfeeble                 Hex            13%        N/A       89%         7
 Ignition                 Fire           13%        3d6       100%        8
 Call Imp                 Summ           Unusable   N/A       N/A         2
 Call Canine Familiar     Summ           Unusable   N/A       N/A         3
 Martyr's Knell           Necr/Summ      Unusable   N/A       N/A         4
 Summon Lightning Spire   Summ/Air       Unusable   N/A       N/A         4
 Summon Mana Viper        Hex/Summ       Unusable   N/A       N/A         5

Dungeon Overview and Level Annotations

Branches:
Dungeon (15/15)            Temple (1/1) D:5            Lair (5/5) D:10
  Swamp (1/4) Lair:2        Snake (0/4) Lair:3        Slime (1/5) Lair:5
    Orc (2/2) D:9             Elf (0/3) Orc:2        Vaults (0/5) D:14
 Depths (0/4) D:15         Bailey (visited)           IceCv (visited)

Altars:
Ashenzari
Cheibriados
Dithmenos
Elyvilon
Fedhas
Gozag
Hepliaklqana
Kikubaaqudgha
Makhleb
Nemelex Xobeh
Okawaru
Qazlal
Ru
Sif Muna
Trog
Uskayaw
Vehumet
Wu Jian
Xom
Yredelemnul
Zin
The Shining One
Jiyva

Shops:
D:3 !   D:4 ::[=*   D:8 *[?   D:14 (   D:15 ?   Orc:2 (*=[

Annotations:
D:7 Iaro's ghost, novice TrFi
Lair:5 2 transporters, cforsyth's ghost, journeyman OnSh


Innate Abilities, Weirdness & Mutations

You have very sharp teeth.
Your uncanny sense of smell can sniff out nearby items.
Your experience applies equally to all skills.


Message History

The spriggan is engulfed in freezing vapours.
You kill the spriggan!
Okawaru accepts your kill.
You hear a splash. x2
Unknown command.
Reach: I) +11 trident of the Establishment {pain, rF+ rC+ Will+ Str-2}
Press: ? - help, Dir - move target, f/p - spriggan
Aim: a spriggan, wielding a +0 spear (freezing vapour, lightly wounded, about 34% to evade the +11 trident of the Establishment)
You reach to attack!
You miss the spriggan.
The spriggan is lightly wounded.
The alligator is engulfed in freezing vapours.
The alligator seems to slow down.
Unknown command.
Unknown command.
Reach: I) +11 trident of the Establishment {pain, rF+ rC+ Will+ Str-2}
Press: ? - help, Dir - move target, f/p - spriggan
Aim: a spriggan, wielding a +0 spear (freezing vapour, lightly wounded, about 34% to evade the +11 trident of the Establishment)
You reach to attack!
You hit the spriggan.
The spriggan writhes in agony.
The spriggan is heavily wounded.
Unknown command.
Unknown command.
Reach: I) +11 trident of the Establishment {pain, rF+ rC+ Will+ Str-2}
Press: ? - help, Dir - move target, f - alligator, p - spriggan
Aim: an alligator (freezing vapour, almost dead, strong, slow, about 18% to evade the +11 trident of the Establishment)
You hit the alligator.
The alligator writhes in agony!
You kill the alligator!
Okawaru accepts your kill.
The bloated husk is engulfed in freezing vapours.
Unknown command.
Reach: I) +11 trident of the Establishment {pain, rF+ rC+ Will+ Str-2}
Press: ? - help, Dir - move target, f - bloated husk
Aim: a bloated husk (freezing vapour, lightly damaged, about 11% to evade the +11 trident of the Establishment)
You reach to attack!
You impale the bloated husk!! Okawaru accepts your kill.
The bloated husk explodes!
The blast of putrescent gases engulfs the spriggan!!!
The spriggan dies!
You hear a splash.
The blast of putrescent gases engulfs you!!
You die...

~~~.~~~~~~.♣♣♣§~~~~.♣
~.♣♣.........♣....[~♣
..♣♣.~~~~♣♣♣..~....~♣
.~~~~~~♣~♣ ♣♣....[..♣
..♣♣.~.♣♣♣ ♣♣♣~...♣♣
~..♣♣♣♣♣♣ ♣~~~.~♣
~~.....♣. ♣♣§~.♣♣
~#####.♣.♣♣♣♣♣☼○~.♣
#..§~~.§☼§☼@.♣
∆#.~~~~.○°♣♣♣♣♣
#.~§~~§~.♣~..
#~~~~~~§.~...♣
#~~§..>.~♣~♣♣♣
#~...♣§~♣♣♣♣
~~~~~.$♣♣... .~#~..♣
♣.~~~ ~~~~.~ ♣~~~~..


There were no monsters in sight!

Vanquished Creatures
  Jorgrun (D:12)
  Gastronok (Lair:1)
  Kirke (D:15)
  An orc warlord (Orc:2)
  2 eleionomae (Swamp:1)
  Azrael (Orc:2)
  A bunyip (Swamp:1)
  A dire elephant (Lair:5)
  Josephine (D:15)
  4 vault guards (D:14)
  3 alligators (Swamp:1)
  7 hydras
  6 two-headed ogres
  Erica (D:9)
  A merfolk avatar (Arena)
  8 centaur warriors
  4 boulder beetles
  4 death yaks
  2 orc high priests
  2 tengu warriors
  2 skysharks (Lair:5)
  A goliath frog (Swamp:1)
  A sea snake (Lair:5)
  A spriggan druid (Swamp:1)
  An arcanist (D:15)
  A swamp dragon (Swamp:1)
  A harpy (Lair:5)
  5 orc knights
  A deep elf pyromancer (D:15)
  A wolf spider (D:15)
  5 orc sorcerers
  Maurice (Orc:2)
  8 ugly things
  5 oklob plants (Lair:5)
  6 cyclopes
  3 manticores
  24 elephants
  A will-o-the-wisp (Lair:2)
  3 meliai (D:15)
  3 black mambas
  2 kobold blastminers (Orc:1)
  Joseph (D:9)
  7 slime creatures (D:15)
  2 ice statues (IceCv)
  An unseen horror (D:10)
  9 cane toads
  3 kobold demonologists
  5 komodo dragons
  5 rime drakes
  3 polar bears
  5 trolls
  3 tyrant leeches (Swamp:1)
  A wind drake (Lair:5)
  A bloated husk (Swamp:1)
  4 hornets
  4 dream sheep (Lair:5)
  9 blink frogs
  A snapping turtle (Lair:5)
  3 spriggans
  A shadow (D:9)
  5 wyverns
  A human (shapeshifter) (D:13)
  A warg (Orc:2)
  63 yaks
  5 basilisks
  3 humans (D:15)
  23 vampire mosquitoes
  5 wraiths
  A redback (shapeshifter) (D:15)
  2 death yak simulacra (IceCv)
  5 fire elementals (Orc:2)
  An acid dragon (shapeshifter) (D:14)
  5 nagas (Lair:3)
  An acid dragon (D:10)
  10 water moccasins
  A swamp worm (Swamp:1)
  An ice beast (D:7)
  39 orc warriors
  A swamp drake (Swamp:1)
  8 laughing skulls
  2 sky beasts
  10 ogres
  12 centaurs
  10 wolves
  A kobold brigand (D:9)
  14 bullfrogs
  Blork the orc (Orc:2)
  4 gnoll sergeants
  A cane toad simulacrum (IceCv)
  3 killer bees (D:6)
  10 electric eels
  4 lava snakes (Lair:1)
  5 bombardier beetles
  7 hounds
  2 jellies
  12 orc priests
  2 gnoll boudas
  Crazy Yiuf (D:5)
  26 orc wizards
  2 iguanas
  2 polar bear simulacra (IceCv)
  7 hell rats (Lair:2)
  23 gnolls
  9 adders
  16 white imps
  2 ufetubi (D:6)
  7 ribbon worms
  2 dart slugs (D:1)
  63 orcs
  8 ball pythons
  5 endoplasms
  3 giant cockroaches
  12 goblins
  11 hobgoblins
  2 jackals (D:1)
  7 quokkas
  8 bats
  4 frilled lizards
  12 kobolds
  6 rats
  A butterfly (D:7)
716 creatures vanquished.

Vanquished Creatures (collateral kills)
  An orc wizard (Orc:2)
1 creature vanquished.

Vanquished Creatures (others)
  A bloated husk (Swamp:1)
  A spriggan (Swamp:1)
  2 foxfires (Lair:2)
  A spectral weapon (Orc:1)
5 creatures vanquished.

Grand Total: 722 creatures vanquished

Notes
Turn   | Place    | Note
-------+----------+-------------------------------------------
     0 | D:1      | hikkokomori the Gnoll Wanderer began the quest for the Orb.
     0 | D:1      | hikkokomori set off with the following items: a +2 short
                  | sword, a potion of attraction, 9 boomerangs, a +0 dagger, a
                  | scroll of fog, a +0 leather armour.
     0 | D:1      | Reached XP level 1. HP: 20/20 MP: 1/1
    56 | D:1      | Reached XP level 2. HP: 26/26 MP: 2/2
   299 | D:1      | Reached XP level 3. HP: 31/31 MP: 3/3
   343 | D:1      | Reached skill level 1 in Invocations
   557 | D:2      | Reached skill level 1 in Long Blades
   557 | D:2      | Reached skill level 1 in Axes
   557 | D:2      | Reached skill level 1 in Maces & Flails
   557 | D:2      | Reached skill level 1 in Polearms
   557 | D:2      | Reached skill level 1 in Staves
   557 | D:2      | Reached skill level 1 in Ranged Weapons
   557 | D:2      | Reached skill level 1 in Dodging
   557 | D:2      | Reached skill level 1 in Shields
   557 | D:2      | Reached skill level 1 in Spellcasting
   557 | D:2      | Reached skill level 1 in Evocations
   599 | D:2      | Reached skill level 1 in Shapeshifting
   599 | D:2      | Reached XP level 4. HP: 38/38 MP: 5/5
   611 | D:2      | Identified the +4 short sword of Irritation {spect, rF+
                  | SInv}
   769 | D:2      | Reached skill level 1 in Conjurations
   769 | D:2      | Reached skill level 1 in Hexes
   769 | D:2      | Reached skill level 1 in Summonings
   769 | D:2      | Reached skill level 1 in Necromancy
   769 | D:2      | Reached skill level 1 in Translocations
   769 | D:2      | Reached skill level 1 in Fire Magic
   769 | D:2      | Reached skill level 1 in Ice Magic
   769 | D:2      | Reached skill level 1 in Air Magic
   769 | D:2      | Reached skill level 1 in Earth Magic
   769 | D:2      | Reached skill level 1 in Alchemy
   783 | D:2      | Reached XP level 5. HP: 42/43 MP: 5/7
   983 | D:2      | Found a sacrificial altar of Ru.
  1123 | D:3      | Found Wunle's Distillery.
  1606 | D:4      | Noticed an ogre
  1614 | D:4      | HP: 1/43 [ogre/+0 giant club (13)]
  1616 | D:4      | Killed an ogre
  1617 | D:4      | Reached skill level 5 in Fighting
  1617 | D:4      | Reached skill level 2 in Polearms
  1617 | D:4      | Reached skill level 5 in Armour
  1617 | D:4      | Reached XP level 6. HP: 2/51 MP: 7/9
  2098 | D:4      | Found Balocul's Book Shop.
  2162 | D:4      | Noticed a walking earthen tome
  2163 | D:4      | Found Iffuxuil's Book Emporium.
  2163 | D:4      | Noticed a walking earthen tome
  2261 | D:4      | Found Irpheytech's Antique Armour Emporium.
  2268 | D:4      | Bought a dazzling scale mail for 189 gold pieces
  2268 | D:4      | Identified the +2 scale mail of the Vaults {Harm rPois
                  | Str-5} (You bought it in a shop on level 4 of the Dungeon)
  2414 | D:4      | Reached XP level 7. HP: 24/56 MP: 10/10
  2563 | D:4      | Found Emauneeph's Jewellery Shoppe.
  2585 | D:4      | Found Yqedeug's Assorted Antiques.
  2588 | D:4      | Bought a scroll labelled BOIPLI TEADGH for 19 gold pieces
  2825 | D:5      | Entered Level 5 of the Dungeon
  2940 | D:5      | HP: 1/56 [burnt (2)]
  3015 | D:5      | Found a hide-covered altar of Uskayaw.
  3020 | D:5      | Found a blossoming altar of Fedhas.
  3020 | D:5      | Found a sacrificial altar of Ru.
  3240 | D:5      | Found a sparkling altar of Nemelex Xobeh.
  3384 | D:5      | Found a staircase to the Ecumenical Temple.
  3407 | D:5      | Reached skill level 3 in Polearms
  3407 | D:5      | Reached XP level 8. HP: 63/63 MP: 12/12
  3422 | Temple   | Entered the Ecumenical Temple
  3436 | Temple   | Became a worshipper of Warmaster Okawaru
  3468 | D:5      | Found a runed translucent door.
  3469 | D:5      | Noticed Crazy Yiuf
  3604 | D:5      | Learned a level 2 spell: Ensorcelled Hibernation
  3608 | D:5      | Learned a level 3 spell: Swiftness
  3622 | D:5      | Killed Crazy Yiuf
  3688 | D:6      | Found a white marble altar of Elyvilon.
  3692 | D:6      | Found a glowing silver altar of Zin.
  4347 | D:6      | You fall into a shaft and drop 2 floors!
  4368 | D:8      | Found Ybruopteeb's Antique Armour Shoppe.
  4425 | D:8      | Found Zaqipp's General Store.
  4431 | D:8      | Reached skill level 4 in Polearms
  4485 | D:8      | Reached * piety under Okawaru
  4618 | D:8      | Found a flagged portal.
  4682 | Bailey   | Entered a bailey
  4870 | Bailey   | Reached XP level 9. HP: 60/69 MP: 14/14
  5221 | Bailey   | Reached skill level 5 in Polearms
  5224 | Bailey   | Reached skill level 5 in Throwing
  5224 | Bailey   | Reached skill level 5 in Unarmed Combat
  5494 | Bailey   | Noticed a kobold demonologist
  5508 | Bailey   | Killed a kobold demonologist
  5509 | Bailey   | Reached skill level 5 in Stealth
  5839 | Bailey   | Reached ** piety under Okawaru
  5846 | Bailey   | Reached skill level 5 in Invocations
  6110 | Bailey   | Noticed a kobold demonologist
  6180 | Bailey   | Found an iron altar of Okawaru.
  6209 | Bailey   | Killed a kobold demonologist
  6210 | Bailey   | Reached skill level 6 in Polearms
  6268 | Bailey   | Learned a level 3 spell: Passwall
  6502 | D:8      | Acquired 825 gold pieces
  6545 | D:7      | Reached skill level 5 in Spellcasting
  6546 | D:7      | Found a shimmering altar of Xom.
  6605 | D:7      | Found a runed translucent door.
  6605 | D:7      | Noticed Iaro's ghost (novice TrFi)
  6646 | D:7      | Reached skill level 5 in Long Blades
  6646 | D:7      | Reached skill level 5 in Axes
  6646 | D:7      | Reached skill level 5 in Maces & Flails
  6646 | D:7      | Reached skill level 5 in Staves
  6646 | D:7      | Reached skill level 5 in Ranged Weapons
  6646 | D:7      | Reached skill level 5 in Dodging
  6646 | D:7      | Reached skill level 5 in Shields
  6646 | D:7      | Reached skill level 5 in Evocations
  6646 | D:7      | Reached XP level 10. HP: 47/77 MP: 17/17
  6897 | D:4      | Bought the +0 pair of fencer's gloves {Riposte Dex+3} for
                  | 840 gold pieces
  6897 | D:4      | Found the +0 pair of fencer's gloves {Riposte Dex+3}
  7029 | D:7      | Reached *** piety under Okawaru
  7962 | D:8      | Found Ylann's Magic Scroll Boutique.
  7991 | D:9      | Noticed Erica
  8002 | D:9      | Killed Erica
  8043 | D:9      | Noticed a two-headed ogre
  8048 | D:9      | Killed a two-headed ogre
  8049 | D:9      | Reached skill level 7 in Polearms
  8049 | D:9      | Reached skill level 5 in Shapeshifting
  8095 | D:9      | Found a shadowy altar of Dithmenos.
  8156 | D:9      | Found a hazy altar of Hepliaklqana.
  8156 | D:9      | Noticed Joseph
  8171 | D:9      | Killed Joseph
  8218 | D:9      | Noticed a two-headed ogre
  8225 | D:9      | Killed a two-headed ogre
  8225 | D:9      | Reached **** piety under Okawaru
  8347 | D:9      | Found a staircase to the Orcish Mines.
  8653 | D:9      | Reached skill level 5 in Conjurations
  8653 | D:9      | Reached skill level 5 in Hexes
  8653 | D:9      | Reached skill level 5 in Summonings
  8653 | D:9      | Reached skill level 5 in Necromancy
  8653 | D:9      | Reached skill level 5 in Translocations
  8653 | D:9      | Reached skill level 5 in Fire Magic
  8653 | D:9      | Reached skill level 5 in Ice Magic
  8653 | D:9      | Reached skill level 5 in Air Magic
  8653 | D:9      | Reached skill level 5 in Earth Magic
  8653 | D:9      | Reached skill level 5 in Alchemy
  8703 | D:9      | Reached skill level 8 in Polearms
  8703 | D:9      | Reached XP level 11. HP: 85/85 MP: 21/21
  8992 | Orc:1    | Entered Level 1 of the Orcish Mines
  9000 | Orc:1    | Noticed a two-headed ogre
  9044 | D:9      | Killed a two-headed ogre
  9044 | D:9      | Reached ***** piety under Okawaru
  9230 | Orc:1    | Noticed an orc high priest
  9465 | D:9      | Killed an orc high priest
  9881 | Orc:1    | Noticed an orc sorcerer
  9898 | Orc:1    | Killed an orc sorcerer
  9929 | Orc:1    | Noticed an orc knight
  9940 | Orc:1    | Reached skill level 9 in Polearms
  9947 | Orc:1    | Killed an orc knight
 10072 | Orc:1    | Found a bloodstained altar of Trog.
 10277 | D:10     | Entered Level 10 of the Dungeon
 10321 | D:10     | Received a gift from Okawaru
 10540 | D:10     | Found a staircase to the Lair.
 10592 | D:10     | Reached XP level 12. HP: 24/94 MP: 17/24
 11291 | Lair:1   | Entered Level 1 of the Lair of Beasts
 11839 | Lair:1   | Reached ****** piety under Okawaru
 11839 | Lair:1   | Received a gift from Okawaru
 11845 | Lair:1   | Noticed Gastronok
 11889 | Lair:1   | Reached skill level 10 in Polearms
 11910 | Lair:1   | Reached skill level 10 in Short Blades
 12379 | Lair:1   | Received a gift from Okawaru
 12469 | Lair:1   | Acquired a +2 triple sword of flaming
 12469 | Lair:1   | Received a gift from Okawaru
 12472 | Lair:1   | Acquired the +3 warlock's mirror {omnireflect}
 12472 | Lair:1   | Received a gift from Okawaru
 12472 | Lair:1   | Found the +3 warlock's mirror {omnireflect}
 12834 | Lair:1   | Killed Gastronok
 12835 | Lair:1   | Reached skill level 10 in Spellcasting
 13618 | Lair:2   | Reached skill level 11 in Polearms
 13625 | Lair:2   | Reached XP level 13. HP: 39/101 MP: 27/27
 13952 | Lair:2   | You fall into a shaft and drop 2 floors!
 13987 | Lair:4   | Received a gift from Okawaru
 14894 | Lair:3   | Found a staircase to the Snake Pit.
 14903 | Lair:3   | Received a gift from Okawaru
 15153 | Lair:3   | Reached skill level 10 in Fighting
 15153 | Lair:3   | Reached skill level 10 in Armour
 15338 | Lair:3   | Reached skill level 12 in Polearms
 16194 | Lair:2   | Found a staircase to the Swamp.
 16799 | D:4      | Bought a yellow potion for 17 gold pieces
 16799 | D:4      | Bought a lightning rod (4/4) for 760 gold pieces
 17014 | Lair:5   | Entered Level 5 of the Lair of Beasts
 17052 | Lair:5   | Received a gift from Okawaru
 17185 | Lair:5   | Reached XP level 14. HP: 84/110 MP: 29/29
 17192 | Lair:5   | Reached skill level 10 in Invocations
 17242 | Arena    | Entered the Arena
 17583 | Lair:5   | Received a gift from Okawaru
 17615 | Lair:5   | Identified the +11 trident of the Establishment {pain, rF+
                  | rC+ Will+ Str-2}
 17616 | Lair:5   | Identified the +1 helmet of Oily Miracles {rElec rF+ Str+3
                  | Dex+2}
 17620 | Lair:5   | Got Leclaz's Book of the Assembled Icicle
 17730 | Lair:5   | Noticed a dire elephant
 17800 | Lair:5   | Killed a dire elephant
 18014 | Lair:5   | Received a gift from Okawaru
 18084 | Lair:5   | Found a viscous altar of Jiyva.
 18094 | Lair:5   | Reached skill level 13 in Polearms
 18094 | Lair:5   | Reached skill level 10 in Throwing
 18094 | Lair:5   | Reached skill level 10 in Unarmed Combat
 18100 | Lair:5   | Found a staircase to the Slime Pits.
 18444 | Lair:5   | Found a transporter.
 18447 | Lair:5   | Found a transporter.
 18449 | Lair:5   | Noticed cforsyth's ghost (journeyman OnSh)
 18453 | Lair:5   | Reached skill level 10 in Stealth
 19152 | Slime:1  | Entered Level 1 of the Pits of Slime
 19152 | Slime:1  | Noticed an azure jelly
 19323 | Orc:2    | Entered Level 2 of the Orcish Mines
 19333 | Orc:2    | Received a gift from Okawaru
 19423 | Orc:2    | Noticed an orc warlord
 19456 | Orc:2    | Killed an orc warlord
 19580 | Orc:2    | Noticed Blork the orc
 19693 | Orc:2    | Killed Blork the orc
 19701 | Orc:2    | Reached skill level 10 in Long Blades
 19701 | Orc:2    | Reached skill level 10 in Axes
 19701 | Orc:2    | Reached skill level 10 in Maces & Flails
 19701 | Orc:2    | Reached skill level 10 in Staves
 19701 | Orc:2    | Reached skill level 10 in Ranged Weapons
 19701 | Orc:2    | Reached skill level 10 in Dodging
 19701 | Orc:2    | Reached skill level 10 in Shields
 19701 | Orc:2    | Reached skill level 10 in Evocations
 19720 | Orc:2    | Found Zile's Antique Armour Shoppe.
 19748 | Orc:2    | Received a gift from Okawaru
 19768 | Orc:2    | Noticed Azrael
 19795 | Orc:2    | Killed Azrael
 19802 | Orc:2    | Reached XP level 15. HP: 81/118 MP: 27/32
 19934 | Orc:2    | Found Gediu's Jewellery Shoppe.
 19989 | Orc:2    | Noticed Maurice
 20016 | Orc:2    | Maurice stole a beast talisman
 20017 | Orc:2    | Maurice stole a ring of wizardry
 20017 | Orc:2    | Killed Maurice
 20110 | Orc:2    | Found a staircase to the Elven Halls.
 20184 | Orc:2    | Found Fosiugeck's Antique Weapon Shoppe.
 20199 | Orc:2    | Found Tunuwk's General Store.
 20422 | Orc:2    | Learned a level 4 spell: Cause Fear
 20428 | Orc:2    | Learned a level 5 spell: Metabolic Englaciation
 20482 | Orc:2    | Acquired the amulet "Qismic Beycw" {Harm Regen+}
 20832 | D:11     | Received a gift from Okawaru
 21108 | D:12     | Reached skill level 14 in Polearms
 21147 | D:12     | Noticed Jorgrun
 21168 | D:12     | Killed Jorgrun
 21553 | D:12     | Learned a level 5 spell: Freezing Cloud
 21559 | D:12     | Learned a level 5 spell: Irradiate
 21753 | D:13     | Found a frozen archway.
 21786 | IceCv    | Entered an ice cave
 21810 | IceCv    | Found a transporter.
 21826 | IceCv    | Found a transporter.
 22057 | D:13     | Received a gift from Okawaru
 22511 | D:14     | Found Poighu's Antique Weapon Boutique.
 22678 | D:14     | Found a gate to the Vaults.
 22709 | D:14     | Received a gift from Okawaru
 22881 | D:14     | Found a blossoming altar of Fedhas.
 22944 | D:14     | Reached skill level 10 in Shapeshifting
 23128 | D:15     | Entered Level 15 of the Dungeon
 23182 | D:15     | Reached XP level 16. HP: 83/127 MP: 32/34
 23226 | D:15     | Received a gift from Okawaru
 23277 | D:15     | Noticed Kirke
 23305 | D:15     | Killed Kirke
 23320 | D:15     | Found a staircase to the Depths.
 23530 | D:15     | Found Aczagan's Magic Scroll Boutique.
 23542 | D:15     | Bought a scroll of identify for 28 gold pieces
 23542 | D:15     | Bought a scroll of teleportation for 42 gold pieces
 23622 | D:15     | Noticed Josephine
 23631 | D:15     | Reached skill level 15 in Polearms
 23640 | D:15     | Killed Josephine
 23979 | Swamp:1  | Entered Level 1 of the Swamp
 24203 | Swamp:1  | Received a gift from Okawaru
 24241 | Swamp:1  | Identified the +7 chain mail of the Untouchables {Will-
                  | Str+3 Int+2}
 24278 | Swamp:1  | Killed by an exploding bloated husk... set off by themself

Illustrated notes

Levels and vault maps discovered:
D:1:      lordsloth_arrival_two_stooges, layout_rooms, minmay_heptomino_w4
D:2:      layout_rooms, basic_altar, grunt_decor_resistance
D:3:      layout_rooms, serial_shops, nicolae_shop_window_shopping,
          nicolae_wormholes
D:4:      layout_basic, serial_shops, nicolae_shop_mannequins,
          nicolae_shop_hallway_stairs, nicolae_shop_tiny_real_fake_doors,
          nicolae_shop_pleasant_corner_grove, nicolae_shop_tiny_real_fake_doors
D:5:      layout_rooms, kennysheep_little_box, grunt_temple_overflow_open,
          minmay_temple_entry_mist, corexii_leaking_fountain,
          uniq_crazy_yiuf_cottage
D:6:      layout_basic, mainiacjoe_overflow_tiny_flanked,
          overflow_temple_1_default, minmay_manual_moon
D:7:      layout_loops_ring, xom_butterflies, gammafunk_ghost_grave
D:8:      layout_loops_ring, serial_shops, shop, shop, shop, enter_bailey_8
D:9:      layout_irregular_city, kennysheep_mini,
          mainiacjoe_overflow_concentric_impassable,
          minmay_orc_entry_temple_small, uniq_erica, uniq_joseph
D:10:     layout_long_grid, erik_lair_island, nicolae_kite_square_tiling_tiny,
          kennysheep_generic_room_13
D:11:     layout_small_grid
D:12:     layout_long_grid, lemuel_flame_loot_1, uniq_jorgrun
D:13:     layout_roguey, portal_ice_cave_entry_imps
D:14:     layout_cave_pools, lightli_vaults_fourway_checkpoint, fedhas_altar_3,
          serial_shops, nicolae_square_shop
D:15:     hangedman_depths_entry_try_elsewhere_first, layout_loops_cross,
          serial_shops, nicolae_shop_competitors_out_of_business,
          chequers_garden, uniq_josephine, uniq_kirke
Temple:   nicolae_temple_figure_eight
Lair:1:   layout_regular_city, nicolae_lair_liquid_snakes, serial_bayou_shore_a,
          serial_bayou_shore_b, uniq_gastronok
Lair:2:   layout_cellular_growth, minmay_swamp_entry_wisps
Lair:3:   layout_loops_ring, minmay_snake_entry_guardpost_medium,
          grunt_forest_large_clearing_hut, lemuel_fruit_fields,
          grunt_megastairs_3
Lair:4:   layout_misc_corridors
Lair:5:   gammafunk_lair_ancient_temple, layout_small_grid,
          minmay_slime_entry_oklob_enclosed, gammafunk_ghost_hive,
          minmay_hedge_maze
Swamp:1:  layout_basic_swamp, evilmike_swamp_ruin_house_6
Slime:1:  layout_caves
Orc:1:    layout_caves, basic_altar
Orc:2:    grunt_orc_cross, layout_diamond_mine, basic_altar, uniq_azrael,
          uniq_maurice

Skill      XL: |  1  2  3  4  5  6  7  8  9 10 11 12 13 14 15 16 |
---------------+-------------------------------------------------+-----
Invocations    | 1 2 3 4 5 6 7 8 9 10 11 12 | 12.2
Long Blades    | 1 2 3 5 6 7 8 9 10 11 | 11.2
Axes           | 1 2 3 5 6 7 8 9 10 11 | 11.2
Maces & Flails | 1 2 3 5 6 7 8 9 10 11 | 11.2
Polearms       | 1 2 3 4 6 8 9 11 12 13 14 15 | 15.2
Staves         | 1 2 3 5 6 7 8 9 10 11 | 11.2
Ranged Weapons | 1 2 3 5 6 7 8 9 10 11 | 11.2
Dodging        | 1 2 3 5 6 7 8 9 10 11 | 11.2
Shields        | 1 2 3 5 6 7 8 9 10 11 | 11.2
Spellcasting   | 1 2 3 5 7 8 10 11 13 14 | 14.8
Evocations     | 1 2 3 5 6 7 8 9 10 11 | 11.2
Shapeshifting  | 1 2 3 4 5 6 7 8 9 10 | 10.3
Conjurations   | 1 2 3 4 5 6 7 8 9 |  9.5
Hexes          | 1 2 3 4 5 6 7 8 9 |  9.5
Summonings     | 1 2 3 4 5 6 7 8 9 |  9.5
Necromancy     | 1 2 3 4 5 6 7 8 9 |  9.5
Translocations | 1 2 3 4 5 6 7 8 9 |  9.5
Fire Magic     | 1 2 3 4 5 6 7 8 9 |  9.5
Ice Magic      | 1 2 3 4 5 6 7 8 9 |  9.5
Air Magic      | 1 2 3 4 5 6 7 8 9 |  9.5
Earth Magic    | 1 2 3 4 5 6 7 8 9 |  9.5
Alchemy        | 1 2 3 4 5 6 7 8 9 |  9.5
Throwing       | 3 4 5 6 7 8 9 10 11 | 11.5
Unarmed Combat | 3 4 5 6 7 8 9 10 11 | 11.5
Fighting       | 5 6 7 8 9 10 11 12 | 12.1
Armour         | 5 6 7 8 9 10 11 12 | 12.1
Stealth        | 3 4 5 6 7 8 9 10 11 | 11.5
Short Blades   | 7 8 9 10 11 12 | 12.9

Action                     |  1- 3 |  4- 6 |  7- 9 | 10-12 | 13-15 | 16-18 || total
---------------------------+-------+-------+-------+-------+-------+-------++-------
  Melee: Short sword       |    10 |   116 |   326 |   582 |    88 |       ||  1122
         Dagger            |    32 |       |       |       |       |       ||    32
         Bite              |     2 |    11 |    43 |   123 |   225 |    30 ||   434
         Punch             |       |     4 |       |       |       |       ||     4
         Scimitar          |       |       |       |       |   276 |       ||   276
         Trident           |       |       |       |       |   767 |   161 ||   928
  Throw: Boomerang         |    78 |    11 |    30 |    44 |    89 |       ||   252
         Dart              |       |       |       |       |     6 |       ||     6
         Javelin           |       |       |       |       |     6 |       ||     6
   Cast: Ensorcelled Hiber |       |       |       |    45 |    11 |       ||    56
         Swiftness         |       |       |       |       |     2 |       ||     2
         Freezing Cloud    |       |       |       |       |       |     1 ||     1
 Invoke: Heroism           |       |       |     1 |     3 |    11 |     1 ||    16
         Receive Weapon    |       |       |       |     1 |       |       ||     1
         Receive Armour    |       |       |       |     1 |       |       ||     1
         Finesse           |       |       |       |       |     3 |       ||     3
         Duel              |       |       |       |       |     1 |       ||     1
  Evoke: Wand              |       |     2 |     6 |     6 |     8 |       ||    22
         Lightning rod     |       |       |       |       |     2 |       ||     2
    Use: Scroll            |       |       |    17 |     5 |    11 |     1 ||    34
         Potion            |       |       |     4 |       |     3 |       ||     7
   Stab: Sleeping          |     2 |     4 |    10 |    34 |    25 |     2 ||    77
         Distracted        |       |     1 |     7 |    25 |     4 |     1 ||    38
 Armour: Leather armour    |    23 |    48 |   128 |       |       |       ||   199
         Acid dragon scale |       |       |    13 |   138 |   281 |    26 ||   458
  Dodge: Dodged            |    27 |    39 |   116 |   391 |   790 |    76 ||  1439
  Block: Buckler           |       |     1 |    55 |   169 |   485 |    42 ||   752
         Reflection        |       |       |       |     5 |    45 |     5 ||    55
Riposte: Short sword       |       |       |       |   136 |    42 |       ||   178
         Scimitar          |       |       |       |       |   141 |       ||   141
         Trident           |       |       |       |       |   172 |    34 ||   206
         Form:             |     1 |       |       |       |       |       ||     1
         Beast             |     1 |       |       |       |       |       ||     1

Table legend: (Time is in decaauts)
 A = Elapsed time spent in this place.
 B = Non-inter-level travel time spent in this place.
 C = Inter-level travel time spent in this place.
 D = Time resting spent in this place.
 E = Time spent auto-exploring this place.
 F = Levels seen in this place.
 G = Mean time per level.
                   A        B        C        D        E       F      G
               +--------+--------+--------+--------+--------+-----+--------+
         Total |  23626 |  22167 |   1459 |   2633 |  14383 |  28 |  843.8 |
       Dungeon |  12045 |  11084 |    961 |    717 |   8088 |  15 |  803.0 |
        Temple |     32 |      5 |     27 |      0 |      0 |   1 |   32.0 |
          Lair |   7579 |   7219 |    360 |    887 |   4677 |   5 | 1515.8 |
         Swamp |    287 |    287 |      0 |      0 |    156 |   1 |  287.0 |
    Slime Pits |      4 |      4 |      0 |      0 |      0 |   1 |    4.0 |
  Orcish Mines |   1703 |   1594 |    109 |     85 |    979 |   2 |  851.5 |
        Bailey |   1789 |   1789 |      0 |    884 |    481 |   1 | 1789.0 |
      Ice Cave |    159 |    159 |      0 |     46 |      0 |   1 |  159.0 |
         Arena |     25 |     25 |      0 |     13 |      0 |   1 |   25.0 |
               +--------+--------+--------+--------+--------+-----+--------+

Top non-repeatable levels by time:
  Lair:1: 1984 daAuts
  Lair:5: 1980 daAuts
  Bailey: 1789 daAuts
     D:9: 1739 daAuts
  Lair:2: 1402 daAuts
     D:4: 1333 daAuts
  Lair:3: 1321 daAuts
   Orc:2: 1097 daAuts
    D:10: 1094 daAuts
     D:8: 918 daAuts
  Lair:4: 890 daAuts
     D:5: 882 daAuts
     D:7: 814 daAuts
     D:6: 736 daAuts
    D:13: 719 daAuts
